 Dungeon Crawl Stone Soup version 0.30-a0-394-g3e4acdb0ae (webtiles) character file.

Game seed: 11342366266349564798

384455 Bnni the Phalangite (level 24, -2/194 (197) HPs)
             Began as a Formicid Fighter on Dec 6, 2022.
             Was a Believer of Yredelemnul.
             Slain by a deep elf sorcerer
             ... wielding the +5 battleaxe of the Gnashing Augurer {pain, rCorr Dex+7}
              (7 damage)
             ... on level 3 of the Elven Halls.
             The game lasted 02:03:50 (37168 turns).

Bnni the Phalangite (Formicid Fighter)             Turns: 37168, Time: 02:03:50

HP:   -2/194 (197)  AC: 28    Str: 28    XL:     24   Next: 4%
MP:   24/36         EV:  7    Int: 10    God:    Yredelemnul [**....]
Gold: 1756          SH: 19    Dex: 25    Spells: 6/23 levels left

rFire   + . .      SeeInvis +    b - +4 glaive (protect)
rCold   + + +      Faith    .    y - +2 kite shield {rC+ rF+}
rNeg    . . .      Spirit   .    U - +2 plate armour {rC+}
rPois   +          Reflect  .    (helmet unavailable)
rElec   +          Harm     .    n - +2 cloak "Xacoew" {Dex+5}
rCorr   .          Rampage  .    Y - +2 pair of gloves
Will    ++++.                    s - +0 pair of boots of Hepliaklqana's Hope {rElec rC+ Dex+3 SInv}
Stlth   ..........               H - necklace of Bloodlust {*Rage Will++ Int-3 Slay+6}
HPRegen 0.52/turn                L - +4 ring of protection
MPRegen 0.25/turn                Z - ring "Yqomuf" {rElec rPois AC+4 Dex+4 Slay-2}

@: mighty, corroded, under a protective aura, lightly drained
A: permanent stasis, dig shafts and tunnels, antennae 3, four strong arms
}: 2/15 runes: decaying, serpentine
a: Dig, Shaft Self, Renounce Religion, Recall Undead Harvest, Dark Bargain


You were on level 3 of the Elven Halls.
You worshipped Yredelemnul.
Yredelemnul was most pleased with you.
You visited 6 branches of the dungeon, and saw 33 of its levels.
You visited 1 bazaar.
You also visited: Ice Cave.

You collected 4337 gold pieces.
You spent 2581 gold pieces at shops.

Inventory:

Hand Weapons
 b - a +4 glaive of protection (weapon)
 E - a +5 battleaxe of freezing
 F - a +2 antimagic demon trident
Missiles
 c - a throwing net
 r - 6 boomerangs of dispersal
 w - 3 javelins
 O - 17 boomerangs
 P - 7 curare-tipped darts
 W - 5 atropa-tipped darts
Armour
 n - the +2 cloak "Xacoew" (worn) {Dex+5}
   (You bought it in a shop on level 1 of the Snake Pit)

   Dex:       It affects your dexterity (+5).
 s - the +0 pair of boots of Hepliaklqana's Hope (worn) {rElec rC+ Dex+3 SInv}
   (You bought it in a shop on level 1 of the Elven Halls)

   Dex:       It affects your dexterity (+3).
   rC:        It protects you from cold.
   rElec:     It insulates you from electricity.
   SInv:      It lets you see invisible.
 v - a scarf of resistance
 y - a +2 kite shield of resistance (worn)
 U - a +2 plate armour of cold resistance (worn)
 Y - a +2 pair of gloves (worn)
Jewellery
 B - a ring of protection from fire
 H - the necklace of Bloodlust (around neck) {*Rage Will++ Int-3 Slay+6}
   (You found it on level 10 of the Dungeon)

   [amulet of nothing]

   It extends the wearer's berserk rage when killing foes.
   Int:       It affects your intelligence (-3).
   Slay:      It affects your accuracy & damage with ranged weapons and melee
   (+6).
   *Rage:     It berserks you when you make melee attacks (+50% chance).
   Will:      It greatly increases your willpower.
 I - the ring of the Dragon {rCorr EV+4}
   (You took it off a deep elf annihilator on level 3 of the Elven Halls)

   [ring of evasion]

   EV:        It affects your evasion (+4).
   rCorr:     It protects you from acid and corrosion.
 L - a +4 ring of protection (left hand)
 X - a ring of ice
 Z - the ring "Yqomuf" (right hand) {rElec rPois AC+4 Dex+4 Slay-2}
   (You found it on level 2 of the Swamp)

   [ring of protection]

   AC:        It affects your AC (+4).
   Dex:       It affects your dexterity (+4).
   Slay:      It affects your accuracy & damage with ranged weapons and melee
   (-2).
   rElec:     It insulates you from electricity.
   rPois:     It protects you from poison.
Wands
 g - a wand of roots (28)
 S - a wand of mindburst (8)
 T - a wand of light (2)
 V - a wand of digging (3)
Scrolls
 f - 9 scrolls of vulnerability
 k - 7 scrolls of immolation
 m - 9 scrolls of enchant armour
 q - 5 scrolls of brand weapon
 z - 3 scrolls of enchant weapon
 A - 5 scrolls of silence
 C - 10 scrolls of amnesia
 G - 3 scrolls of fear
 J - 4 scrolls of summoning
 K - 6 scrolls of poison
 M - 7 scrolls of magic mapping
 N - 6 scrolls of butterflies
Potions
 d - 8 potions of might
 e - 7 potions of magic
 h - 3 potions of resistance
 i - 19 potions of curing
 j - 6 potions of heal wounds
 l - 2 potions of cancellation
 o - 12 potions of mutation
 p - 3 potions of lignification
 u - 3 potions of attraction
 x - 4 potions of flight
 D - 4 potions of ambrosia
 Q - 5 potions of invisibility
Miscellaneous
 a - a box of beasts
 t - a phantom mirror


   Skills:
 + Level 17.9 Fighting
 + Level 22.2 Polearms
 * Level 13.3 Throwing
 + Level 10.2 Armour
 - Level 20.0 Shields
 - Level 6.5 Translocations
 + Level 18.0 Invocations


You had 6 spell levels left.
You knew the following spells:

 Your Spells              Type           Power      Damage    Failure   Level
a - Portal Projectile     Hex/Tloc       12%        N/A       97%         3
c - Lesser Beckoning      Tloc           26%        N/A       63%         3
d - Vhi's Electric Charg  Tloc/Air       12%        N/A       97%         3
e - Passage of Golubria   Tloc           13%        N/A       95%         4
f - Manifold Assault      Tloc           13%        N/A       95%         4

Your spell library contained the following spells:

 Spells                   Type           Power      Damage    Failure   Level
 Gell's Gravitas          Tloc           13%        N/A       63%         3
 Teleport Other           Tloc           13%        N/A       63%         3
 Kiss of Death            Conj/Necr      0%         2d5       98%         1
 Magic Dart               Conj           0%         1d3       98%         1
 Sandblast                Erth           0%         2d4       98%         1
 Shock                    Conj/Air       0%         1d3       98%         1
 Sting                    Tmut/Pois      0%         1d3       98%         1
 Call Imp                 Summ           0%         N/A       99%         2
 Cigotuvi's Dreadful Rot  Necr/Pois/Air  0%         N/A       99%         2
 Ensorcelled Hibernation  Hex/Ice        0%         N/A       99%         2
 Passwall                 Tmut/Erth      0%         N/A       99%         2
 Poisonous Vapours        Pois/Air       0%         N/A       99%         2
 Call Canine Familiar     Summ           0%         N/A       100%        3
 Dazzling Flash           Conj/Hex       0%         N/A       100%        3
 Frozen Ramparts          Ice            0%         1d1       100%        3
 Inner Flame              Hex/Fire       0%         N/A       100%        3
 Mephitic Cloud           Conj/Pois/Air  0%         N/A       100%        3
 Spider Form              Tmut/Pois      0%         N/A       100%        3
 Stone Arrow              Conj/Erth      0%         3d7       100%        3
 Summon Guardian Golem    Hex/Summ       0%         N/A       100%        3
 Tukima's Dance           Hex            0%         N/A       100%        3
 Airstrike                Air            0%         2d(0-16)  100%        4
 Anguish                  Hex/Necr       0%         N/A       100%        4
 Flame Wave               Conj/Fire      0%         2d4       100%        4
 Ice Form                 Ice/Tmut       0%         N/A       100%        4
 Leda's Liquefaction      Hex/Erth       0%         N/A       100%        4
 Olgreb's Toxic Radiance  Pois           0%         N/A       100%        4
 Sticky Flame             Conj/Fire      0%         2d3       100%        4
 Summon Ice Beast         Ice/Summ       0%         N/A       100%        4
 Summon Lightning Spire   Summ/Air       0%         N/A       100%        4
 Agony                    Necr           0%         N/A       100%        5
 Arcjolt                  Conj/Air       0%         1d10      100%        5
 Freezing Cloud           Conj/Ice/Air   0%         6-21      100%        5
 Lightning Bolt           Conj/Air       0%         1d11      100%        5
 Silence                  Hex/Air        0%         N/A       100%        5
 Yara's Violent Unravell  Hex/Tmut       0%         3d3       100%        5
 Iron Shot                Conj/Erth      0%         9d1       100%        6
 Orb of Destruction       Conj           0%         9d5       100%        7
 Ozocubu's Refrigeration  Ice            0%         4d7       100%        7
 Spellforged Servitor     Conj/Summ      0%         N/A       100%        7
 Storm Form               Tmut/Air       0%         N/A       100%        7
 Infestation              Necr           0%         N/A       100%        8
 Maxwell's Capacitive Co  Air            0%         ∞         100%        8
 Chain Lightning          Conj/Air       0%         N/A       100%        9
 Fire Storm               Conj/Fire      0%         5d1       100%        9
 Polar Vortex             Ice            0%         N/A       100%        9
 Shatter                  Erth           0%         3d5*      100%        9
 Blink                    Tloc           Unusable   N/A       N/A         2
 Swiftness                Air            Unusable   N/A       N/A         3
 Animate Dead             Necr           Unusable   N/A       N/A         4
 Simulacrum               Ice/Necr       Unusable   N/A       N/A         6

Dungeon Overview and Level Annotations

Branches:
Dungeon (15/15)            Temple (0/1) D:6            Lair (5/5) D:9
  Swamp (4/4) Lair:2        Snake (4/4) Lair:2        Slime (0/5) Lair:5
    Orc (2/2) D:11            Elf (3/3) Orc:2        Vaults (0/5) D:14
 Depths (0/4) D:15          IceCv (visited)

Altars:
Ashenzari
Fedhas
Makhleb
Sif Muna
Wu Jian
Yredelemnul
Zin
The Shining One
Jiyva

Shops:
D:7 **   D:11 !   Orc:2 (=(!   Elf:1 [[[   Elf:3 *   Snake:1 **[!


Innate Abilities, Weirdness & Mutations

You cannot be hasted, slowed, berserked, paralysed or teleported.
You can dig through walls and to a lower floor.
You have a pair of large antennae on your head. (SInv)
Your four strong arms can wield two-handed weapons with a shield.


Message History

You assume a fearsome visage.
The lost soul is unaffected.
The deep elf blademaster resists with almost no effort.
The deep elf sorcerer easily resists.
The deep elf annihilator resists with almost no effort.
The deep elf death mage resists with some effort.
Your bound deep elf elementalist hits the deep elf blademaster with a staff of cold.
Your bound deep elf elementalist freezes the deep elf blademaster!
You block the deep elf sorcerer's attack.
The deep elf annihilator is engulfed in freezing vapours.
Your bound deep elf elementalist barely misses the deep elf blademaster.
The deep elf blademaster is engulfed in freezing vapours.
The deep elf sorcerer points at you and mumbles some strange words.
The bolt of acid misses you.
Unknown command.
Unknown command.
As you read the scroll of fear, it crumbles to dust.
You assume a fearsome visage.
The lost soul is unaffected.
The deep elf blademaster resists with almost no effort.
The deep elf sorcerer resists with some effort.
The deep elf annihilator resists with almost no effort.
The deep elf death mage resists with some effort.
Your butterfly disappears in a burst of colours!
The deep elf annihilator is engulfed in freezing vapours.
The lost soul assumes the form of the deep elf annihilator and becomes anchored to this world!
The ghostly deep elf annihilator gestures at you while chanting.
The crystal spear hits you!!
* * * LOW HITPOINT WARNING * * *
The deep elf blademaster is engulfed in freezing vapours.
Unknown command.
Okay, then.
You feel much better.
Your bound deep elf elementalist barely misses the deep elf blademaster.
Your deep elf demonologist zombie hits the deep elf sorcerer.
Your bound deep elf elementalist closely misses the deep elf blademaster.
The deep elf blademaster hits you with a +0 rapier!!
* * * LOW HITPOINT WARNING * * *
The deep elf blademaster completely misses you.
The deep elf sorcerer hits you with the +5 battleaxe of the Gnashing Augurer {pain, rCorr Dex+7}!
You die...
Your body rises from the dead as a mindless zombie.

#'## ####)|##
.## ##|)# .#
#..# .# #..# .#
# #..# .# ##.
#..# # ## ##...
#..# ..# #
#.....#..#.....
...#..e@....#..
..###.e)e).###.
...#..Z)Z...#..
#......e.......
##............#
##..........##
##........##
..........


You could see a deep elf blademaster (ally target), a ghostly deep elf
annihilator (empowered, ally target), a deep elf death mage, a deep elf sorcerer
(fast, empowered), a friendly bound deep elf elementalist (fast, repels
missiles) and a friendly deep elf demonologist zombie.

Vanquished Creatures
  Saint Roka (Elf:3)
  An acid blob (Lair:5)
  A deep elf master archer (Elf:3)
  Gastronok (D:11)
  A shadow dragon (Elf:1)
  A fenstrider witch (Swamp:1)
  A nagaraja (Snake:3)
  The ghost of Nofys the Unseen, an adept SpEn of Dithmenos (Snake:2)
  An iron dragon (Elf:1)
  3 deep elf sorcerers (Elf:3)
  Aizul (Snake:1)
  3 deep elf elementalists
  An orc warlord (Orc:2)
  An eleionoma (Swamp:3)
  A deep elf annihilator (Elf:3)
  3 deep elf demonologists (Elf:3)
  4 deep elf death magi
  2 ettins (Orc:2)
  2 fire dragons
  5 deep elf high priests
  5 hydras
  An ice dragon (Elf:1)
  Erolcha (D:9)
  A centaur warrior (D:14)
  A salamander tyrant (Snake:3)
  4 alligators
  27 dancing weapons
  2 naga warriors (Snake:2)
  4 anacondas
  6 boulder beetles
  A tengu warrior (D:12)
  Erica (Lair:1)
  8 naga sharpshooters
  4 two-headed ogres
  2 orc high priests
  A shock serpent (Snake:1)
  The ghost of Soborki the Cleaver, a novice MiBe of Trog (D:7)
  A goliath frog (Swamp:2)
  12 deep elf knights
  A salamander mystic (Snake:4)
  2 deep trolls (D:10)
  2 spriggan druids (Swamp:1)
  A spriggan rider (Swamp:4)
  4 swamp dragons
  3 naga ritualists
  5 bog bodies
  8 deep elf archers
  3 necromancers
  2 orc knights (Orc:2)
  20 deep elf pyromancers
  10 deep elf zephyrmancers
  3 mana vipers
  3 orc sorcerers
  20 slime creatures
  7 ugly things
  An oklob plant (Lair:5)
  A will-o-the-wisp (Swamp:2)
  A wolf spider (Lair:5)
  2 manticores
  6 cyclopes
  2 salamanders
  3 elephants (Lair:5)
  An ice statue (IceCv)
  2 guardian serpents
  2 gargoyles
  19 black mambas
  5 naga magi
  An efreet (D:14)
  4 torpor snails (Lair:5)
  7 cane toads
  An unseen horror (D:13)
  5 komodo dragons
  A rime drake (Lair:3)
  An anaconda simulacrum (IceCv)
  4 freezing wraiths
  A tengu conjurer (D:14)
  9 ice devils (IceCv)
  2 trolls
  4 tyrant leeches
  5 polar bears (Lair:5)
  4 hornets
  4 blink frogs
  Prince Ribbit (D:9)
  Grinder (D:6)
  A raiju (Lair:5)
  4 saltlings (Orc:2)
  7 dream sheep (Lair:5)
  2 air elementals
  19 yaks
  3 water elementals
  2 shadows
  2 wraiths
  3 dire elephant simulacra (IceCv)
  A yak (shapeshifter) (D:14)
  2 wyverns
  3 fire elementals
  A ynoxinul (D:13)
  2 basilisks
  A steam dragon (D:7)
  A redback (shapeshifter) (D:13)
  10 vampire mosquitoes
  Menkaure (D:7)
  5 death yak simulacra
  3 harpy simulacra (IceCv)
  2 wargs (Lair:5)
  7 swamp worms
  5 acid dragons
  9 water moccasins
  5 swamp drakes
  12 hell hounds (Lair:5)
  25 nagas
  A guardian serpent simulacrum (Snake:2)
  3 ice beasts
  18 orc warriors
  A sky beast (D:7)
  7 black bears
  9 ogres
  14 wolves
  12 centaurs
  A phantom (D:5)
  A bullfrog (D:8)
  2 necrophages (D:6)
  7 kobold brigands
  A two-headed ogre simulacrum (IceCv)
  3 scorpions
  5 cane toad simulacra (IceCv)
  4 earth elementals
  A wight (D:9)
  5 elephant simulacra (IceCv)
  5 killer bees
  An electric eel (Snake:2)
  8 howler monkeys
  4 jellies
  14 orc priests
  4 hounds
  A gnoll bouda (D:10)
  6 iguanas
  Natasha (twice) (D:3)
  24 orc wizards
  4 hell rats
  3 polar bear simulacra (IceCv)
  A spriggan simulacrum (IceCv)
  A troll simulacrum (IceCv)
  4 wolf simulacra
  A boggart simulacrum (D:14)
  12 gnolls
  5 adders
  2 naga simulacra (IceCv)
  A white imp (D:6)
  An ufetubus (IceCv)
  A worm (D:3)
  2 dart slugs (D:2)
  37 orcs
  3 bats (D:1)
  6 endoplasms
  2 giant cockroaches (D:4)
  9 goblins
  5 hobgoblins
  5 jackals
  2 quokkas
  6 ball pythons
  2 frilled lizards
  20 kobolds
  4 rats
  A pillar of salt (Orc:2)
754 creatures vanquished.

Vanquished Creatures (collateral kills)
  Vashnia (Snake:4)
  Rupert (Snake:1)
  Jorgrun (Orc:2)
  A deep elf blademaster (Elf:2)
  5 nagarajas
  2 fenstrider witches
  A deep elf sorcerer (Elf:3)
  Louise (Snake:2)
  5 eleionomae
  2 deep elf demonologists (Elf:3)
  The ghost of WienerDreamer the Grappler, a journeyman TrBe of Trog (D:13)
  5 bunyips
  Josephine (Orc:2)
  3 deep elf high priests
  2 shambling mangroves
  3 salamander tyrants (Snake:4)
  A catoblepas (Lair:4)
  15 hydras
  Harold (Lair:2)
  A ghost crab (Swamp:2)
  4 alligators
  A centaur warrior (D:13)
  7 dancing weapons
  10 anacondas
  A two-headed ogre (D:10)
  15 naga warriors
  3 shock serpents
  8 naga sharpshooters
  2 deep elf knights (Elf:2)
  Sonja (Lair:1)
  3 goliath frogs
  4 salamander mystics (Snake:4)
  3 spriggan druids
  A sea snake (Snake:2)
  A deep troll (D:10)
  9 swamp dragons (Swamp:4)
  A lindwurm (Lair:5)
  2 spriggan riders
  5 bog bodies
  5 naga ritualists
  5 mana vipers
  8 deep elf pyromancers
  6 deep elf archers
  7 deep elf zephyrmancers
  3 orc knights
  A necromancer (D:15)
  3 will-o-the-wisps
  A manticore (D:12)
  2 cyclopes
  A spectral shock serpent (Snake:2)
  13 salamanders
  3 elephants (Lair:5)
  4 guardian serpents
  8 naga magi
  22 black mambas
  A molten gargoyle (D:14)
  A cane toad (Lair:5)
  A torpor snail (Lair:5)
  3 centaur skeletons (D:15)
  3 anaconda simulacra
  2 rime drakes
  A freezing wraith (D:15)
  A tengu conjurer (D:12)
  4 komodo dragons
  The ghost of nujazz the Conjurer, a novice DECj of Vehumet (D:7)
  8 hornets
  7 tyrant leeches
  2 bloated husks
  2 trolls
  4 polar bears (Lair:5)
  A spectral guardian serpent (Snake:2)
  2 saltlings (Orc:2)
  7 blink frogs
  7 slime creatures
  2 shock serpent simulacra (Snake:2)
  24 yaks
  2 water elementals
  A yak (shapeshifter) (D:13)
  2 spriggans
  4 wraiths
  2 fire elementals (Elf:1)
  3 vampire mosquitoes (Swamp:4)
  A redback (shapeshifter) (Elf:1)
  29 nagas
  11 swamp worms
  2 wargs (Lair:5)
  3 hell hounds (Lair:5)
  4 water moccasins
  11 orc warriors
  A sky beast (shapeshifter) (D:14)
  6 swamp drakes
  A spectral naga (Snake:2)
  5 black bears (Lair:5)
  3 ogres
  8 centaurs
  17 wolves
  3 gnoll sergeants
  A bullfrog (Lair:3)
  2 scorpions (D:6)
  A salamander simulacrum (Snake:2)
  A cane toad simulacrum (Lair:3)
  An earth elemental (Elf:1)
  4 killer bees (D:9)
  An elephant simulacrum (IceCv)
  4 electric eels
  2 gnoll boudas
  An orc priest (Orc:2)
  Natasha (D:3)
  5 orc wizards
  13 hell rats
  A wolf simulacrum (Lair:3)
  7 gnolls
  An adder (D:6)
  21 orcs
  A goblin (D:4)
  3 jackals (D:5)
  7 kobolds
  An orc zombie (Elf:1)
  A bush (D:13)
  4 pillars of salt (Orc:2)
  A plant (Snake:2)
514 creatures vanquished.

Vanquished Creatures (others)
  A spectral hydra (Snake:4)
  A nagaraja (Snake:4)
  spectral Mlioglotl (Elf:1)
  A spectral human (Swamp:2)
  A deep elf high priest (Elf:1)
  A spectral elf (Elf:3)
  2 spectral centaurs
  3 deep elf knights
  A spectral fire dragon (D:14)
  3 anaconda zombies
  3 ugly thing zombies
  A wolf spider zombie (Lair:5)
  A shock serpent zombie (Snake:4)
  An unseen horror zombie (D:13)
  A redback zombie (Elf:1)
  A spectral manticore (D:13)
  A swamp worm zombie (Swamp:2)
  A hydra zombie (Swamp:2)
  A bloated husk (Swamp:1)
  An alligator zombie (Swamp:3)
  An air elemental (Elf:3)
  6 black mamba zombies
  A tyrant leech zombie (Swamp:4)
  A slime creature zombie (D:15)
  2 spectral ice devils (IceCv)
  A two-headed ogre zombie (D:10)
  An orc warrior (Elf:1)
  A cane toad zombie (Lair:5)
  A swamp drake (Swamp:2)
  4 hornet zombies (Lair:5)
  3 dream sheep zombies (Lair:5)
  4 swamp dragon zombies (Swamp:4)
  4 elephant zombies (Lair:5)
  A manticore zombie (D:15)
  A human zombie (D:9)
  11 elf zombies
  A torpor snail zombie (Lair:5)
  12 naga zombies
  5 vampire mosquito zombies
  4 salamander zombies (Snake:4)
  A cyclops zombie (D:12)
  7 hell hound zombies (Lair:5)
  A wyvern zombie (Lair:5)
  A water moccasin zombie (Lair:1)
  A warg zombie (Lair:5)
  7 yak zombies
  A spriggan zombie (Swamp:4)
  5 polar bear zombies (Lair:5)
  18 wolf zombies
  9 centaur zombies
  4 black bear zombies (Lair:5)
  2 orc wizards (D:9)
  2 scorpion zombies
  2 killer bee zombies
  2 acid dragon zombies
  4 ogre zombies
  A hound zombie (D:5)
  A spectral electric eel (Snake:2)
  3 hell rat zombies
  5 howler monkey zombies
  2 swamp drake zombies
  2 jelly zombies (D:5)
  An adder zombie (D:4)
  2 orcs
  A giant cockroach zombie (D:4)
  6 gnoll zombies
  A hobgoblin zombie (D:3)
  3 jackal zombies (D:5)
  6 kobold zombies
  29 orc zombies
  A quokka zombie (D:4)
  A spectral ufetubus (IceCv)
  2 briar patches (Swamp:3)
  13 foxfires
  66 fungi
  2 pillars of salt (Orc:2)
  156 plants
  2 starspawn tentacles (Elf:1)
  5 withered plants (D:7)
470 creatures vanquished.

Grand Total: 1738 creatures vanquished

Notes
Turn   | Place    | Note
-------+----------+-------------------------------------------
     0 | D:1      | Bnni the Formicid Fighter began the quest for the Orb.
     0 | D:1      | Reached XP level 1. HP: 18/18 MP: 1/1
   163 | D:1      | Reached XP level 2. HP: 24/24 MP: 2/2
   329 | D:1      | Reached XP level 3. HP: 29/29 MP: 3/3
   893 | D:2      | Found a blossoming altar of Fedhas.
  1010 | D:2      | Reached skill level 5 in Shields
  1010 | D:2      | Reached XP level 4. HP: 35/37 MP: 4/4
  1036 | D:2      | Reached skill level 3 in Polearms
  1446 | D:3      | Found a basalt altar of Yredelemnul.
  1465 | D:3      | Became a worshipper of Yredelemnul the Dark
  1531 | D:3      | Found an ornate altar of the Wu Jian Council.
  1571 | D:3      | Noticed Natasha
  1579 | D:3      | Killed Natasha
  1580 | D:3      | Reached XP level 5. HP: 40/42 MP: 5/5
  1744 | D:3      | Noticed Natasha
  1753 | D:3      | Killed Natasha
  1826 | D:3      | Reached * piety under Yredelemnul
  1958 | D:3      | Found a glowing golden altar of the Shining One.
  1960 | D:3      | Noticed Natasha
  1967 | D:3      | Killed Natasha
  1968 | D:3      | Reached skill level 4 in Polearms
  2310 | D:4      | Noticed an ogre
  2318 | D:4      | Killed an ogre
  2319 | D:4      | Reached XP level 6. HP: 50/50 MP: 6/6
  2419 | D:4      | Reached skill level 5 in Polearms
  2485 | D:4      | Reached skill level 5 in Fighting
  2773 | D:4      | Noticed a black bear
  2778 | D:4      | Killed a black bear
  2779 | D:4      | Reached XP level 7. HP: 52/56 MP: 7/7
  2911 | D:4      | Found a glowing silver altar of Zin.
  2960 | D:5      | Entered Level 5 of the Dungeon
  2978 | D:5      | Reached skill level 6 in Polearms
  3240 | D:5      | Reached XP level 8. HP: 64/64 MP: 8/8
  3278 | D:5      | Reached skill level 7 in Polearms
  3278 | D:5      | Reached ** piety under Yredelemnul
  3596 | D:5      | Reached skill level 8 in Polearms
  3823 | D:5      | Reached skill level 1 in Invocations
  3823 | D:5      | Reached XP level 9. HP: 72/72 MP: 9/9
  3826 | D:5      | Reached *** piety under Yredelemnul
  3904 | D:5      | Found a broken altar of Ashenzari.
  3974 | D:6      | Noticed Grinder
  3985 | D:6      | Killed Grinder
  3986 | D:6      | Reached skill level 9 in Polearms
  4369 | D:6      | Found a staircase to the Ecumenical Temple.
  5201 | D:7      | Reached skill level 10 in Polearms
  5224 | D:7      | Found a runed translucent gate.
  5224 | D:7      | Found a runed translucent gate.
  5224 | D:7      | Found a runed translucent gate.
  5224 | D:7      | Noticed Soborki's ghost (novice MiBe)
  5228 | D:7      | Noticed nujazz's ghost (novice DECj)
  5313 | D:7      | Noticed Menkaure
  5320 | D:7      | Killed Menkaure
  5321 | D:7      | Reached XP level 10. HP: 19/82 MP: 2/13
  5591 | D:7      | Reached skill level 5 in Invocations
  5712 | D:7      | Found Xiemeo's General Store.
  5716 | D:7      | Found Podeic's Specific Store.
  5724 | D:7      | Bought a potion of curing for 42 gold pieces
  5926 | D:7      | Identified the +1 pair of boots of the Hot Ocelot {rElec
                  | rC- Regen+}
  6222 | D:7      | Killed Soborki's ghost
  6223 | D:7      | Reached skill level 11 in Polearms
  6223 | D:7      | Killed nujazz's ghost
  6892 | D:8      | Noticed a two-headed ogre
  6900 | D:8      | Killed a two-headed ogre
  7220 | D:9      | Reached XP level 11. HP: 90/90 MP: 16/16
  7233 | D:9      | Found a blossoming altar of Fedhas.
  7259 | D:9      | Noticed Erolcha
  7262 | D:9      | Noticed Prince Ribbit
  7267 | D:9      | Killed Erolcha
  7268 | D:9      | Reached skill level 12 in Polearms
  7278 | D:9      | Killed Prince Ribbit
  7279 | D:9      | Reached skill level 10 in Fighting
  7377 | D:9      | Found a shimmering blue altar of Sif Muna.
  7700 | D:9      | Your ally Prince Ribbit died
  7863 | D:9      | Noticed a two-headed ogre
  7873 | D:9      | Killed a two-headed ogre
  7902 | D:9      | Found a staircase to the Lair.
  8160 | D:10     | Entered Level 10 of the Dungeon
  8209 | D:10     | Reached skill level 13 in Polearms
  8581 | D:10     | Noticed a two-headed ogre
  8581 | D:10     | Noticed a two-headed ogre
  8593 | D:10     | Killed a two-headed ogre
  8598 | D:10     | Killed a two-headed ogre
  8605 | D:10     | Reached **** piety under Yredelemnul
  8663 | D:10     | Reached XP level 12. HP: 58/99 MP: 12/18
  8812 | D:10     | Noticed a two-headed ogre
  8821 | D:10     | Killed a two-headed ogre
  9298 | D:10     | Noticed a deep troll
  9298 | D:10     | Noticed a deep troll
  9301 | D:10     | Noticed a deep troll
  9309 | D:10     | Killed a deep troll
  9313 | D:10     | Killed a deep troll
  9314 | D:10     | Reached skill level 14 in Polearms
  9318 | D:10     | Killed a deep troll
  9322 | D:10     | Found the necklace of Bloodlust {*Rage Will++ Int-3 Slay+6}
  9417 | D:11     | Noticed a boulder beetle
  9427 | D:11     | Killed a boulder beetle
  9481 | D:11     | Reached skill level 10 in Invocations
  9667 | D:11     | Noticed Gastronok
  9681 | D:11     | Killed Gastronok
  9787 | D:11     | Noticed a boulder beetle
  9833 | D:11     | Killed a boulder beetle
  9890 | D:11     | Found Odemataq's Distillery.
  9951 | D:11     | Noticed a boulder beetle
  9961 | D:11     | Killed a boulder beetle
 10107 | D:11     | Found a staircase to the Orcish Mines.
 10522 | D:12     | Reached skill level 15 in Polearms
 10522 | D:12     | Reached XP level 13. HP: 88/108 MP: 19/21
 10783 | D:12     | HP: 2/109 [slime creature (15)]
 11407 | D:12     | Noticed a six-headed hydra
 11419 | D:12     | Killed a six-headed hydra
 11579 | D:11     | Bought a potion of curing for 42 gold pieces
 11579 | D:11     | Bought a potion of heal wounds for 70 gold pieces
 11904 | D:13     | Reached ***** piety under Yredelemnul
 11933 | D:13     | Found a runed translucent door.
 11937 | D:13     | Noticed WienerDreamer's ghost (journeyman TrBe)
 12148 | D:13     | Identified a scroll of acquirement
 12149 | D:13     | Acquired a manual of Shields
 12178 | D:13     | Noticed a centaur warrior
 12185 | D:13     | Killed a centaur warrior
 12190 | D:13     | Reached skill level 16 in Polearms
 12470 | D:13     | Killed WienerDreamer's ghost
 12484 | D:13     | Got Sif Muna's Exposition on Stones
 13142 | D:14     | Noticed a fire dragon
 13156 | D:14     | Killed a fire dragon
 13156 | D:14     | Enslaved a fire dragon
 13291 | D:14     | Reached XP level 14. HP: 111/118 MP: 23/23
 13663 | D:14     | Found a gate to the Vaults.
 13771 | D:15     | Entered Level 15 of the Dungeon
 14386 | D:15     | Found a staircase to the Depths.
 14393 | D:15     | Reached skill level 17 in Polearms
 14484 | D:15     | Reached skill level 10 in Shields
 14774 | Lair:1   | Entered Level 1 of the Lair of Beasts
 14774 | Lair:1   | Noticed Sonja
 14779 | Lair:1   | Killed Sonja
 15182 | Lair:1   | Noticed Erica
 15190 | Lair:1   | Killed Erica
 15329 | Lair:1   | Reached ****** piety under Yredelemnul
 15875 | Lair:2   | Found a staircase to the Swamp.
 16230 | Lair:2   | Found a staircase to the Snake Pit.
 16471 | Lair:2   | Noticed Harold
 16481 | Lair:2   | Killed Harold
 16601 | Lair:3   | Found a frozen archway.
 16621 | IceCv    | Entered an ice cave
 16714 | IceCv    | Reached XP level 15. HP: 77/126 MP: 25/25
 16886 | IceCv    | Found an ancient bone altar of Kikubaaqudgha.
 17261 | IceCv    | Got the Quarto of the Mortuary Blizzard
 17521 | Lair:3   | Reached skill level 18 in Polearms
 20097 | Lair:5   | Entered Level 5 of the Lair of Beasts
 20307 | Lair:5   | Reached skill level 15 in Shields
 20690 | Lair:5   | Reached XP level 16. HP: 134/134 MP: 26/26
 20959 | Lair:5   | Found a runed translucent door.
 20960 | Lair:5   | Found a viscous altar of Jiyva.
 20960 | Lair:5   | Noticed an acid blob
 20963 | Lair:5   | Found a staircase to the Slime Pits.
 20974 | Lair:5   | Killed an acid blob
 20975 | Lair:5   | Reached skill level 15 in Fighting
 21497 | Lair:5   | Found a runed translucent door.
 22016 | Orc:1    | Entered Level 1 of the Orcish Mines
 22063 | Orc:1    | Found a burning altar of Makhleb.
 22156 | Orc:2    | Entered Level 2 of the Orcish Mines
 22166 | Orc:2    | Reached skill level 19 in Polearms
 22419 | Orc:2    | Found Upsar's Antique Weapon Shoppe.
 22495 | Orc:2    | Found Mystrean's Weapon Shop.
 22499 | Orc:2    | Found Joofafu's Distillery.
 22544 | Orc:2    | Found Miom Cum's Jewellery Boutique.
 22659 | Orc:2    | Bought a +4 ring of protection for 468 gold pieces
 23083 | Orc:2    | Noticed Nessos
 23086 | Orc:2    | Found a staircase to the Elven Halls.
 23090 | Orc:2    | Killed Nessos
 23090 | Orc:2    | Enslaved Nessos
 23103 | Orc:2    | Noticed Jorgrun
 23121 | Orc:2    | Reached skill level 15 in Invocations
 23122 | Orc:2    | Killed Jorgrun
 23242 | Orc:2    | Noticed Josephine
 23250 | Orc:2    | Killed Josephine
 23767 | Swamp:1  | Entered Level 1 of the Swamp
 23949 | Orc:2    | Bought a ring of poison resistance for 260 gold pieces
 24364 | Swamp:1  | Noticed Frances
 24371 | Swamp:1  | Your ally Nessos died
 24373 | Swamp:1  | Killed Frances
 24373 | Swamp:1  | Enslaved Frances
 24537 | Swamp:1  | Reached XP level 17. HP: 100/142 MP: 28/28
 24730 | Swamp:1  | Reached skill level 1 in Throwing
 25113 | Swamp:2  | Identified the ring "Yqomuf" {rElec rPois AC+4 Dex+4
                  | Slay-2}
 25158 | Swamp:2  | Your ally Frances died
 25349 | Swamp:2  | You fall into a shaft and drop 1 floor!
 26779 | Swamp:3  | Reached XP level 18. HP: 151/151 MP: 29/29
 26882 | Swamp:4  | Entered Level 4 of the Swamp
 27274 | Swamp:4  | Reached skill level 5 in Armour
 27358 | Swamp:4  | Reached skill level 20 in Polearms
 27433 | Swamp:4  | Noticed the 27-headed Lernaean hydra
 27438 | Swamp:4  | Killed the 26-headed Lernaean hydra
 27438 | Swamp:4  | Enslaved the 26-headed Lernaean hydra
 27452 | Swamp:4  | Reached XP level 19. HP: 157/157 MP: 19/30
 27797 | Swamp:4  | Got a decaying rune of Zot
 27915 | Snake:1  | Entered Level 1 of the Snake Pit
 28079 | Snake:1  | Noticed Aizul
 28100 | Snake:1  | Killed Aizul
 28224 | Snake:1  | Found Immiegry's Distillery.
 28226 | Snake:1  | Found Eloafeh's Antique Armour Shoppe.
 28226 | Snake:1  | Found Kigadd's General Store.
 28228 | Snake:1  | Noticed Rupert
 28229 | Snake:1  | Found Xirhiocu's Assorted Antiques.
 28239 | Snake:1  | Killed Rupert
 28253 | Snake:1  | Bought an ancient cloak for 313 gold pieces
 28253 | Snake:1  | Identified the +2 cloak "Xacoew" {Dex+5} (You bought it in
                  | a shop on level 1 of the Snake Pit)
 28256 | Snake:1  | Bought a pair of glowing gloves for 195 gold pieces
 28902 | Snake:2  | Noticed Louise
 28929 | Snake:2  | Killed Louise
 29430 | Snake:2  | Found a runed translucent gate.
 29430 | Snake:2  | Found a runed translucent gate.
 29430 | Snake:2  | Found a runed translucent gate.
 29432 | Snake:2  | Noticed Nofys's ghost (adept SpEn)
 29456 | Snake:2  | Killed Nofys's ghost
 30001 | Snake:3  | Reached XP level 20. HP: 166/166 MP: 32/32
 30297 | Snake:3  | Reached skill level 10 in Throwing
 30687 | Snake:4  | Entered Level 4 of the Snake Pit
 30792 | Snake:4  | Noticed Vashnia
 30834 | Snake:4  | Killed Vashnia
 30978 | Snake:4  | Found a flickering gateway to a bazaar.
 30983 | Bazaar   | Entered a bazaar
 30983 | Bazaar   | Found Fuuskargh's Weapon Boutique.
 30983 | Bazaar   | Found Luxan's Book Shoppe.
 30983 | Bazaar   | Found Wiemocw's Antique Weapon Shoppe.
 30984 | Bazaar   | Found Kiysyila's General Store.
 30984 | Bazaar   | Found Neux's General Store.
 31000 | Bazaar   | Bought a potion of heal wounds for 50 gold pieces
 31000 | Bazaar   | Bought a potion of curing for 30 gold pieces
 31006 | Bazaar   | Bought a glowing glaive for 228 gold pieces
 31014 | Bazaar   | Bought Maxwell's Memoranda for 570 gold pieces
 31066 | Snake:4  | Reached skill level 21 in Polearms
 31396 | Snake:4  | Noticed Mlioglotl
 31464 | Snake:4  | Your ally bound 27-headed Lernaean hydra died
 31484 | Snake:4  | Noticed an ancient lich
 31489 | Snake:4  | Killed Mlioglotl
 31489 | Snake:4  | Enslaved Mlioglotl
 31552 | Snake:4  | Got a serpentine rune of Zot
 32194 | Elf:1    | Entered Level 1 of the Elven Halls
 32244 | Elf:1    | Found a shimmering blue altar of Sif Muna.
 32326 | Elf:1    | Found Fiteg's Armour Boutique.
 32329 | Elf:1    | Found Koj Amik's Antique Armour Shop.
 32331 | Elf:1    | Found Jeh Wapn's Antique Armour Boutique.
 32338 | Elf:1    | Bought a pair of polished boots for 313 gold pieces
 32338 | Elf:1    | Identified the +0 pair of boots of Hepliaklqana's Hope
                  | {rElec rC+ Dex+3 SInv} (You bought it in a shop on level 1
                  | of the Elven Halls)
 32471 | Elf:1    | Your ally Mlioglotl died
 32489 | Elf:1    | Reached XP level 21. HP: 57/174 MP: 26/33
 32741 | Elf:1    | Found a runed translucent gate.
 32741 | Elf:1    | Found a runed translucent gate.
 32741 | Elf:1    | Found a runed translucent gate.
 32741 | Elf:1    | Found a runed translucent gate.
 32741 | Elf:1    | Found a runed translucent gate.
 32741 | Elf:1    | Found a runed translucent gate.
 33516 | Elf:2    | Found a shimmering blue altar of Sif Muna.
 33880 | Elf:2    | Found a runed translucent gate.
 33910 | Elf:2    | Found a runed translucent gate.
 33910 | Elf:2    | Found a runed translucent gate.
 35054 | Elf:2    | Reached skill level 22 in Polearms
 35315 | Elf:3    | Entered Level 3 of the Elven Halls
 35330 | Elf:3    | Reached XP level 22. HP: 182/182 MP: 34/34
 35335 | Elf:3    | Learned a level 3 spell: Portal Projectile
 35339 | Elf:3    | Learned a level 3 spell: Vhi's Electric Charge
 35344 | Elf:3    | Learned a level 4 spell: Passage of Golubria
 35349 | Elf:3    | Learned a level 4 spell: Manifold Assault
 35353 | Elf:3    | Learned a level 3 spell: Lesser Beckoning
 35353 | Elf:3    | Reached XP level 23. HP: 188/188 MP: 35/35
 35761 | Elf:3    | Found Woipsoy's Gadget Gallery.
 35960 | Elf:3    | Noticed Saint Roka
 35986 | Elf:3    | Killed Saint Roka
 36285 | Elf:3    | Identified the ring of the Dragon {rCorr EV+4}
 36757 | Elf:3    | Identified the +4 whip of Qazlal, Hurling {speed, Dex+3}
 36760 | Elf:3    | Reached skill level 10 in Armour
 37136 | Elf:3    | Identified the ring of Yghan {rElec rN+ Str+4 Int+4 Dex+2}
 37149 | Elf:3    | Identified the amulet of Moodiness {Spirit rPois}
 37153 | Elf:3    | Identified the +5 battleaxe of the Gnashing Augurer {pain,
                  | rCorr Dex+7}
 37154 | Elf:3    | Reached XP level 24. HP: 64/188 MP: 32/36
 37167 | Elf:3    | HP: 7/194 [ghostly deep elf annihilator/crystal spear (32)]
 37168 | Elf:3    | Slain by a deep elf sorcerer

Illustrated notes

Levels and vault maps discovered:
D:1:      co_arrival_square_in_a_square_in_a_square, layout_basic,
          minmay_tree_intersection, minmay_misc_feat_tower, minmay_pentomino_t4
D:2:      layout_basic, basic_altar
D:3:      layout_basic, mainiacjoe_overflow_tiny_flanked,
          mainiacjoe_overflow_large_starburst, small_statue_alley_b,
          serial_bayou_lagoon_b, uniq_natasha
D:4:      layout_cave_pools, amcnicky_altar_gilded, kennysheep_flooded_box
D:5:      layout_cave_pools, mainiacjoe_overflow_24_doors, serial_gnoll_camp,
          gnoll_camp_mini_basic, gnoll_camp_mini_doghouse, gnoll_camp_mini_hut,
          gnoll_camp_mini_house
D:6:      layout_loops_ring, minmay_temple_entry_fiery,
          minmay_increasing_density, uniq_grinder
D:7:      layout_basic, gammafunk_ghost_cemetery, nicolae_specific_store,
          uniq_menkaure
D:8:      layout_basic
D:9:      layout_loops_ring, kennysheep_mini, nicolae_overflow_crystal_walls,
          lair_entry_dummy, enter_bailey_3, supply_closet_lemuel,
          minmay_joined_circles, uniq_prince_ribbit1, uniq_erolcha
D:10:     minmay_razor_zed, layout_stronghold,
          hellmonk_guarded_unrand_vitality_bloodlust
D:11:     layout_loops_cross, david_orc_4, serial_shops,
          nicolae_shop_waterfront, uniq_gastronok
D:12:     layout_grid_maze
D:13:     layout_irregular_city, hellmonk_ghost_big_iron
D:14:     layout_rooms, david_vaults_1, chequers_serial_rivers_micro_c,
          kennysheep_cluttered_room, kennysheep_generic_room_3
D:15:     grunt_enter_depths_magical_seal, layout_basic, drop_trap, minivault_14
Lair:1:   wad_woods_pond, layout_regular_city, dreamdust_gnoll_shepherd,
          uniq_erica, uniq_sonja
Lair:2:   layout_cave_pods, skrybe_swamp_entry_bodies,
          minmay_snake_entry_guardpost_large, infiniplex_staircase_pool,
          uniq_harold
Lair:3:   layout_layer_cave, portal_ice_cave_entry_ice_simulacra,
          chequers_serial_rivers_small_3, serial_bayou_shore_a
Lair:4:   layout_layer_cave, serial_bayou_crossing, grunt_megastairs_1
Lair:5:   wormcave, layout_small_grid, hangedman_lair_caniforms_friends,
          slime_entry_2, infiniplex_staircase_pool_2
Swamp:1:  nicolae_swamp_standing_stones, layout_falls_marsh,
          evilmike_swamp_ruin_house_2, nicolae_swamp_tree_designs, uniq_frances
Swamp:2:  nicolae_swamp_wrong_neighborhood, layout_falls_marsh,
          nicolae_swamp_well_well_well, swamp_pool5,
          nicolae_swamp_very_dense_foliage
Swamp:3:  layout_basic_swamp, hangedman_swamp_ruin_wall
Swamp:4:  swamp_old_school, layout_basic_swamp
Snake:1:  layout_onion_interference, special_room, minmay_shoptagon,
          uniq_rupert, uniq_aizul
Snake:2:  layout_cave_town, gammafunk_ghost_necromancy, serial_bayou_ford_a,
          nicolae_snake_omega, grunt_megastairs_4, uniq_louise
Snake:3:  layout_basic
Snake:4:  grunt_snake_rune_serpentine_throne, layout_cave_town, serial_shops,
          bzr_entry_dummy, grunt_megastairs_2, uniq_mlioglotl, uniq_vashnia
Orc:1:    layout_diamond_mine, bloody_makhleb, uniq_nergalle
Orc:2:    hellmonk_orc_salted, layout_caves, uniq_nessos, uniq_josephine,
          uniq_jorgrun
Elf:1:    layout_gridlike, basic_altar, orc_legates, minivault_25,
          minmay_shop_star
Elf:2:    nicolae_elf_blades_splatter_lattice [mumra_blade_entry_bloodbath],
          layout_loops_cross, st_stairs_13, lemuel_statue_altar,
          grunt_megastairs_3
Elf:3:    minmay_elf_hall_x, layout_geoelf_grid, serial_corexii_hall,
          corexii_hall_statues_l, chequers_hall_statues_y, nicolae_shop_gadgets,
          uniq_saint_roka

Skill      XL: |  1  2  3  4  5  6  7  8  9 10 11 12 13 14 15 16 17 18 19 20 21 22 23 |
---------------+----------------------------------------------------------------------+-----
Shields        | 5 7 11 16 18 19 20 | 20.0
Polearms       | 3 4 5 6 8 10 11 13 15 16 17 18 19 20 21 22 | 22.2
Fighting       | 4 5 6 7 8 9 10 12 13 14 15 16 17 | 17.9
Invocations    | 1 4 7 9 10 12 13 14 15 16 17 18 | 18.0
Throwing       | 6 7 9 11 12 13 | 13.3
Armour         | 4 5 7 8 9 10 | 10.2
Translocations | 4 6 |  6.5

Action                   |  1- 3 |  4- 6 |  7- 9 | 10-12 | 13-15 | 16-18 | 19-21 | 22-24 || total
-------------------------+-------+-------+-------+-------+-------+-------+-------+-------++-------
Melee: Trident           |    81 |   134 |       |       |    14 |       |       |       ||   229
       Halberd           |       |     4 |   244 |   563 |   319 |       |       |       ||  1130
       Glaive            |       |       |       |       |   527 |   527 |   818 |   181 ||  2053
Throw: Throwing net      |       |     3 |       |     2 |       |     2 |       |     1 ||     8
       Dart              |       |       |       |    13 |     3 |     4 |     3 |     3 ||    26
       Javelin           |       |       |       |       |       |     2 |       |       ||     2
       Boomerang         |       |       |       |       |       |     1 |       |       ||     1
Invok: Recall Undead Har |       |       |       |     5 |    15 |    11 |    18 |     7 ||    56
       Dark Bargain      |       |       |       |     1 |     5 |     8 |    24 |     2 ||    40
       Bind Soul         |       |       |       |       |     4 |     5 |     2 |     3 ||    14
       Drain Life        |       |       |       |       |       |     1 |     3 |     1 ||     5
 Abil: Dig               |       |       |       |       |     3 |       |     2 |     1 ||     6
Evoke: Phantom mirror    |       |       |       |       |     2 |     3 |       |       ||     5
       Wand              |       |       |       |       |     1 |     2 |       |       ||     3
  Use: Scroll            |       |       |     5 |     5 |    19 |     5 |     5 |     4 ||    43
       Potion            |       |       |       |     2 |     4 |     2 |     3 |     5 ||    16
 Stab: Distracted        |       |       |     3 |     7 |    13 |     7 |    23 |     1 ||    54
       Held in net/web   |       |       |       |       |       |     1 |       |     1 ||     2
       Confused          |       |       |       |       |       |     1 |       |       ||     1
       Fleeing           |       |       |       |       |       |       |     3 |       ||     3
Armor: Scale mail        |    36 |    38 |       |       |       |       |       |       ||    74
       Plate armour      |       |    26 |    68 |       |       |   111 |   247 |    52 ||   504
       Ice dragon scales |       |       |    14 |   170 |   234 |    23 |       |       ||   441
Dodge: Dodged            |    37 |    45 |    39 |   136 |   167 |    56 |    84 |    21 ||   585
Block: Buckler           |    16 |    21 |    34 |    81 |    50 |       |       |       ||   202
       Kite shield       |       |       |       |       |   104 |       |   287 |    77 ||   468
       Tower shield      |       |       |       |       |   214 |   328 |   273 |       ||   815

Table legend: (Time is in decaauts)
 A = Elapsed time spent in this place.
 B = Non-inter-level travel time spent in this place.
 C = Inter-level travel time spent in this place.
 D = Time resting spent in this place.
 E = Time spent auto-exploring this place.
 F = Levels seen in this place.
 G = Mean time per level.
                   A        B        C        D        E       F      G
               +--------+--------+--------+--------+--------+-----+--------+
         Total |  37014 |  34551 |   2463 |   5048 |  21363 |  35 | 1057.5 |
       Dungeon |  15232 |  14057 |   1175 |   1325 |   9519 |  15 | 1015.5 |
          Lair |   6564 |   6124 |    440 |    758 |   4337 |   5 | 1312.8 |
         Swamp |   3965 |   3761 |    204 |    740 |   2170 |   4 |  991.2 |
     Snake Pit |   3955 |   3772 |    183 |     80 |   2483 |   4 |  988.8 |
  Orcish Mines |   1656 |   1419 |    237 |    483 |    592 |   2 |  828.0 |
   Elven Halls |   4822 |   4599 |    223 |   1457 |   2058 |   3 | 1607.3 |
        Bazaar |     39 |     39 |      0 |      0 |      0 |   1 |   39.0 |
      Ice Cave |    778 |    778 |      0 |    205 |    203 |   1 |  778.0 |
               +--------+--------+--------+--------+--------+-----+--------+

Top non-repeatable levels by time:
   Elf:3: 1798 daAuts
   Elf:2: 1748 daAuts
  Lair:5: 1746 daAuts
   Orc:2: 1445 daAuts
  Lair:4: 1402 daAuts
  Lair:3: 1385 daAuts
    D:10: 1319 daAuts
   Elf:1: 1274 daAuts
    D:11: 1265 daAuts
 Snake:2: 1249 daAuts
 Swamp:2: 1225 daAuts
    D:14: 1223 daAuts
     D:6: 1223 daAuts
 Snake:4: 1200 daAuts
    D:12: 1197 daAuts
